[Event "Late-Titled-Tuesday-Blitz-September-12-2023"]
[Site "Chess.com"]
[Date "2023.09.12"]
[Round "4"]
[White "malakismayil"]
[Black "jk13"]
[Result "1/2-1/2"]
[WhiteElo "2510"]
[BlackElo "2671"]
[TimeControl "180+1"]
[EndTime "14:38:11 PDT"]
[Termination "Game drawn by repetition"]

1. e4 e5 2. Nf3 Nc6 3. Bc4 Bc5 4. d3 Nf6 5. Nc3 O-O 6. O-O h6 7. h3 d6 8. Be3 Re8 9. Qd2 Nd4 10. Bxd4 exd4 11.
Ne2 d5 12. exd5 Nxd5 13. Nexd4 Nb6 14. Nb3 Nxc4 15. dxc4 Qxd2 16. Nfxd2 Bf8 17. Rfe1 Bf5 18. Nd4 Bg6 19. c3 Rad8 20. N2f3 Rxe1+ 21. Rxe1 c5 22. Nb5 f6 23. Nc7 Bd6 24. Nd5 Kf8 25. b3 Bf7 26. Ne3 Bf4 27. g3 Bc7 28. Nf5 Rd7 29. Kg2 h5 30. h4 g6 31. Ne3 Rd3 32. Rd1 Rxd1 33. Nxd1 Be6 34. Ne3 Ke8 35. Nd2 b6 36.
f4 Kd7 37. Kf3 Kd6 38. Ne4+ Ke7 39. Nd5+ Bxd5 40. cxd5 f5 41. Nf2 b5 42. c4 Kd6 43.
Nd3 bxc4 44. bxc4 Bd8 45. Ne5 Bf6 46. Nxg6 a5 47. a4 Bd4 48. Nf8 Bg7 49. Ne6 Bf6 50.
Ng5 Bc3 51. Nf7+ Ke7 52. Ne5 Kd6 53. Nf7+ Ke7 54. Nh6 Kf6 55. d6 Kg6 56. d7 Bf6 57. Ng8 Bd8 58. Ke3 Kg7 59. Kf3 Kxg8 60. Ke3 Kf7 61.
Kf3 Ke6 62. Ke3 Kxd7 63. Kf3 Ke6 64. Ke3 Bf6 65. Kf3 Bd4 66. Ke2 Bc3 67. Kf3 Be1 68. Kg2 Kd6 69. Kf3 Ke6 70. Kg2 Kf6 71. Kf3 Kg6 72.
Kg2 Kf6 73. Kf3 Ke6 1/2-1/2

[Event "Late-Titled-Tuesday-Blitz-September-12-2023"]
[Site "Chess.com"]
[Date "2023.09.12"]
[Round "4"]
[White "DeTimmerman"]
[Black "Jaka_Brilej"]
[Result "1/2-1/2"]
[WhiteElo "2632"]
[BlackElo "2454"]
[TimeControl "180+1"]
[EndTime "14:38:11 PDT"]
[Termination "Game drawn by repetition"]

1. b4 e5 2. Bb2 Bxb4 3. Bxe5 Nf6 4. Nc3 O-O 5. Bxf6 Qxf6 6. Nd5 Qd6 7. c4 c6 8. Nxb4 Qxb4 9. e3 d5 10. cxd5 cxd5 11.
Nf3 Nc6 12. Rb1 Qa5 13. Bd3 d4 14. O-O Rd8 15. Qc2 h6 16. Rb5 Qa3 17. Be4 dxe3 18. dxe3 a6 19. Rb3 Qd6 20. Rd3 Qe7 21. Rfd1 Bg4 22. Bxc6 bxc6 23. Qxc6 Bxf3 24. Qxf3 Rac8 25. Qg4 Rb8 26. Qf4 Rbc8 27. Qf5 g6 28. Qg4 h5 29.
Qe2 Rxd3 30. Qxd3 Qc5 31. h3 Qc4 32. Qd7 Qc7 33. Qa4 Qc6 34. Rd8+ Kh7 35. Qxc6 Rxc6 36. Ra8 Rc1+ 37. Kh2 Rc2 38. Rxa6 Rxf2 39. Kg3 Rb2 40. Kf3 Kg7 41. Ra7 Rc2 42. e4 Rb2 43. e5 Kf8 44.
g4 hxg4+ 45. Kxg4 Rg2+ 46. Kf4 Rf2+ 47. Kg3 Re2 48. Ra5 Ke7 49. h4 Ke6 50. Kf4 Rf2+ 51. Kg5 Rg2+ 52. Kf4 Rh2 53. Kg3 Re2 54. a4 Re3+ 55.
Kf4 Rh3 56. Ra6+ Ke7 57. Ke4 Rxh4+ 58. Kd5 g5 59. Ra7+ Kf8 60. a5 Rh1 61. a6 Ra1 62.
Ke4 Kg7 63. Kf5 Ra5 64. Ra8 g4 65. Kf4 g3 66. Kxg3 Rxe5 67. Kf4 Ra5 68. a7 Ra1 69. Ke3 Ra3+ 70. Kf4 Ra1 71. Ke3 Ra3+ 72. Kf4 Ra1 1/2-1/2

[Event "Late-Titled-Tuesday-Blitz-September-12-2023"]
[Site "Chess.com"]
[Date "2023.09.12"]
[Round "4"]
[White "Veleamater"]
[Black "RETURNOFTHELAGGER"]
[Result "0-1"]
[WhiteElo "2322"]
[BlackElo "2598"]
[TimeControl "180+1"]
[EndTime "14:38:14 PDT"]
[Termination "RETURNOFTHELAGGER won by resignation"]

1. g3 Nf6 2. Bg2 g6 3. d3 Bg7 4. Nc3 O-O 5. e4 d6 6. f4 c5 7.
Nf3 Nc6 8. O-O a6 9. h3 b5 10. g4 b4 11. Ne2 a5 12. Ng3 a4 13. Rb1 Rb8 14. Ng5 h6 15. Nf3 Qb6 16. g5 hxg5 17. fxg5 Nd7 18. Be3 b3 19. axb3 axb3 20. c3 Nde5 21. Nh4 Qa6 22. c4 Nd4 23. Kh2 Nc2 24. Bg1 Qa2 25. Ngf5 Rb7 26. Nxg7 Kxg7 27. Nf5+ Kh7 28.
Nh6 Be6 29. Ng4 Bxg4 30. hxg4 Kg7 31. Kg3 Rh8 32. Qd2 Nb4 33. d4 Nxc4 34. Qf4 e5 35. Qf6+ Kg8 36. dxc5 Nd2 37. cxd6 Nxf1+ 38. Rxf1 Qxb2 39.
Qd8+ Kg7 40. Qf6+ Kg8 41. Qd8+ Kh7 42. Bd4 Qxg2+ 43. Kxg2 Rxd8 44. Rh1+ Kg8 45. Bxe5 f6 46. Bxf6 Rdd7 47. e5 Nd5 48. e6 Nf4+ 49. Kf3 Nxe6 50. Rh8+ Kf7 51. Rh7+ Ke8 52. Rh8+ Nf8 53. Be7 Rxe7 54.
dxe7 Kxe7 55. Rh1 b2 56. Rb1 Ne6 57. Ke4 Nxg5+ 58. Kd3 Kf6 59. Ke3 Ne6 60. Ke4 Kg5 61. Ke5 Nc5 62. Kd4 Nb3+ 63. Kc3 Nc5 64. Kd4 Na4 65. Kd3 Rc7 0-1

[Event "Late-Titled-Tuesday-Blitz-September-12-2023"]
[Site "Chess.com"]
[Date "2023.09.12"]
[Round "4"]
[White "Harald_Schmidt"]
[Black "maksimys18"]
[Result "1-0"]
[WhiteElo "2289"]
[BlackElo "2484"]
[TimeControl "180+1"]
[EndTime "14:38:14 PDT"]
[Termination "Harald_Schmidt won by checkmate"]

1. e4 e6 2. d4 d5 3. Nd2 Nf6 4.
exd5 exd5 5. Ngf3 Bd6 6. Bd3 O-O 7. O-O c6 8. Re1 Bg4 9. Nf1 Nbd7 10. Ng3 Qc7 11.
c3 Rae8 12. Be3 Ne4 13. Be2 f5 14. Bc1 f4 15. Nf1 Ndf6 16. a4 a6 17. Qc2 Bf5 18.
Bd3 h6 19. Ne5 Bxe5 20. dxe5 Rxe5 21. Bxf4 Rfe8 22. Bxe5 Rxe5 23. f3 Qb6+ 24. Ne3 Nd6 25. Bxf5 Rxe3 26. Qf2 Rxe1+ 27. Rxe1 Qxf2+ 28. Kxf2 Nxf5 29.
g4 Nd6 30. Re7 Kf8 31. Rc7 Nfe8 32. Rd7 b5 33. a5 c5 34. Ra7 Nc4 35. Rxa6 Nxb2 36.
Rc6 b4 37. cxb4 Nd3+ 38. Ke3 Nxb4 39. Rxc5 Ke7 40. Rb5 Nc6 41. a6 Nc7 42. Rb7 Kd6 43. a7 Nxa7 44. Rxa7 Ne6 45. f4 g5 46. f5 Nf4 47.
Ra6+ Ke5 48. Rxh6 d4+ 49. Kf3 d3 50. Rh8 Kd4 51. Rd8+ Kc3 52. h4 d2 53. Rxd2 Kxd2 54.
hxg5 Nd5 55. Ke4 Nc7 56. Ke5 Kd3 57. g6 Ne8 58. f6 Ke3 59. g7 Kf3 60. g8=Q Nc7 61. f7 Nb5 62. f8=Q+ Kg3 63. Qf4+ Kg2 64. Qd5+ Kh3 65. Qh1# 1-0

[Event "Late-Titled-Tuesday-Blitz-September-12-2023"]
[Site "Chess.com"]
[Date "2023.09.12"]
[Round "4"]
[White "Chaos_Magic"]
[Black "PepeCuenca"]
[Result "1-0"]
[WhiteElo "2416"]
[BlackElo "2732"]
[TimeControl "180+1"]
[EndTime "14:38:17 PDT"]
[Termination "Chaos_Magic won by resignation"]

1. d4 Nf6 2. c4 g6 3. Nc3 Bg7 4. e4 d6 5. Nf3 O-O 6. h3 e5 7. d5 Na6 8. Be3 Nh5 9. g3 f5 10. exf5 gxf5 11. Nh4 Nf4 12. Qd2 Ng6 13. Nxg6 hxg6 14.
Bg5 Bf6 15. h4 Nc5 16. O-O-O a5 17. Be2 Bd7 18. Rh2 a4 19. Kb1 Rf7 20. Be3 b6 21. f4 a3 22. b3 exf4 23. gxf4 Rh7 24. Rg2 Qe7 25. Rxg6+ Kf7 26. Rxf6+ Qxf6 27. h5 Rg8 28. Bd4 Qh4 29. Nb5 Bxb5 30. cxb5 Qe7 31. Bc4 Rg3 32.
Re1 Qh4 33. Ba1 Qg4 34. Qd4 Rh6 35. Bc3 Rg2 36. Qe3 Kg8 37. Qe8+ Kh7 38. Qf7+ Qg7 39. Bxg7 Rxg7 40. Qxf5+ Kh8 41. Re8+ Rg8 42. Rxg8+ Kxg8 43. Qg5+ Kh7 44. Qe7+ Kh8 45. Qxc7 Rxh5 46. Qd8+ Kg7 47. Qe7+ Kh6 48. Qxd6+ Kg7 49. Qc7+ Kf6 50. Qxb6+ Kf5 51.
Qxc5 Rh1+ 52. Kc2 Rh2+ 53. Kc3 Rh3+ 54. Kb4 Kxf4 55. Qd6+ Ke3 56. Kxa3 Kd4 57. Qe6 Re3 58. d6 Rxe6 59. Bxe6 Kc5 60. d7 Kb6 61. d8=Q+ Ka7 62. Qd6 Ka8 63. Qe7 Kb8 64. Bd5 Kc8 65. Be6+ Kb8 66. b6 1-0

[Event "Late-Titled-Tuesday-Blitz-September-12-2023"]
[Site "Chess.com"]
[Date "2023.09.12"]
[Round "4"]
[White "The_Princess_Moon"]
[Black "gmpeter008"]
[Result "0-1"]
[WhiteElo "2269"]
[BlackElo "2462"]
[TimeControl "180+1"]
[EndTime "14:38:18 PDT"]
[Termination "gmpeter008 won on time"]

1. e4 g6 2. d4 Bg7 3. Nf3 c6 4. Nc3 d5 5. e5 Nh6 6. h3 f6 7.
Bxh6 Bxh6 8. exf6 exf6 9. Bd3 O-O 10. O-O Na6 11. a3 Nc7 12. Re1 Ne6 13. Ne2 Qd6 14. c3 Ng7 15. Qc2 Bd7 16. b3 Rae8 17. c4 Bf5 18. c5 Qd7 19. Bxf5 Qxf5 20. Qxf5 Nxf5 21. Nc3 Kf7 22. b4 Bf4 23. a4 g5 24.
g3 Bc7 25. Kf1 h5 26. Rad1 h4 27. g4 Ng7 28. Rxe8 Rxe8 29. Re1 Rxe1+ 30. Kxe1 Ne6 31.
Ne2 b6 32. Kd2 bxc5 33. dxc5 a5 34. Kc3 Kg6 35. Ned4 Nf4 36. b5 Nxh3 37. b6 Bf4 38. b7 Nxf2 39. Nxc6 Nxg4 40. b8=Q Bxb8 41. Nxb8 h3 42.
c6 Ne5 43. Nxe5+ fxe5 44. c7 h2 45. c8=Q h1=Q 46. Qe6+ Kh5 47. Qf7+ Kg4 48. Qe6+ Kf4 49. Qf6+ Ke3 50. Qxe5+ Qe4 51. Qxg5+ Ke2 52. Qh5+ Ke1 53.
Qh8 Qc4+ 54. Kb2 Qb4+ 55. Kc2 Qxa4+ 56. Kc3 Qa1+ 57. Kd3 Qxh8 58. Nc6 Qf6 59. Nd4 a4 60. Nc2+ Kf2 61. Na3 Qf3+ 0-1

[Event "Late-Titled-Tuesday-Blitz-September-12-2023"]
[Site "Chess.com"]
[Date "2023.09.12"]
[Round "4"]
[White "ckgchess"]
[Black "mishanick"]
[Result "1/2-1/2"]
[WhiteElo "2888"]
[BlackElo "3062"]
[TimeControl "180+1"]
[EndTime "14:38:21 PDT"]
[Termination "Game drawn by agreement"]

1. e4 c5 2. c3 Nf6 3. e5 Nd5 4. d4 cxd4 5. Bc4 Nb6 6. Bb3 d6 7. Nf3 Nc6 8. exd6 exd6 9. cxd4 d5 10. O-O Be7 11. h3 O-O 12. Nc3 Bf6 13. Re1 Bf5 14. Bf4 Rc8 15. Ne5 Re8 16. Qd2 Na5 17. Rad1 Nbc4 18. Nxc4 Rxe1+ 19. Rxe1 Nxc4 20. Bxc4 dxc4 21. Be5 Be7 22. d5 Bd3 23. Qe3 Bf8 24. Qxa7 b5 25.
a3 Qg5 26. Qe3 Qf5 27. Qg3 Re8 28. Re3 h6 29. Bd4 Rxe3 30. Qxe3 b4 31. axb4 Bxb4 32. Bc5 Bxc3 33. bxc3 Qxd5 34. Bd4 f6 35. Qg3 Qe6 36.
f3 Kh7 37. Kh2 Qe2 38. Qc7 Qe6 39. Qg3 Qf5 40. Qd6 Bf1 41. Qg3 Qc2 42. Kg1 Bd3 43.
Qc7 Qc1+ 44. Kh2 Qg5 45. Qg3 Qf5 46. Qc7 h5 47. Qg3 Kh6 48. Be3+ Kh7 49. Bd4 Qe6 50. Qh4 Kg6 51. Qg3+ Kh6 52. Qf4+ Kh7 53. Qh4 Qd5 54. Qg3 Qf5 55. Qc7 Bf1 56. Qg3 Kh6 57.
Be3+ Kh7 58. Bd4 Bd3 59. Qc7 Qg6 60. Qf4 Bf1 61. Qg3 Qc2 62. Kg1 Bd3 63. Qh4 Qc1+ 64.
Kh2 Qg5 65. Qxg5 fxg5 66. Be3 Kg6 67. Bd4 1/2-1/2

[Event "Late-Titled-Tuesday-Blitz-September-12-2023"]
[Site "Chess.com"]
[Date "2023.09.12"]
[Round "4"]
[White "ManuMunoz01"]
[Black "nevermind242"]
[Result "0-1"]
[WhiteElo "2246"]
[BlackElo "2367"]
[TimeControl "180+1"]
[EndTime "14:38:21 PDT"]
[Termination "nevermind242 won by checkmate"]

1. e4 e6 2. d4 d5 3. Nd2 Nc6 4. c3 e5 5. dxe5 dxe4 6. Bb5 e3 7.
fxe3 Qd5 8. Bxc6+ Qxc6 9. Ngf3 Bg4 10. Nb3 Ne7 11. O-O Ng6 12. Nbd4 Qd5 13. e4 Qxe4 14. Ng5 Bxd1 15. Nxe4 Ba4 16. Ng5 Nxe5 17. Bf4 f6 18. Rae1 Bd6 19. Nge6 Kd7 20. Nxg7 Rhg8 21. Ngf5 c5 22. Nf3 Nxf3+ 23. Rxf3 Bxf4 24. Rxf4 Bc6 25. Re7+ Kd8 26. g3 Rg5 27. Rxh7 Rg8 28. Ng7 Kc7 29.
Ne6+ Kb6 30. Rxf6 Rae8 31. Nf4 Re3 32. Kf2 Rge8 33. g4 Re1 34. Kg3 Rg1+ 35. Kh4 Ree1 36.
Kg5 Re5+ 37. Rf5 Re4 38. h4 Be8 39. Re7 Rxe7 40. Rf8 Bd7 41. Rf6+ Kc7 42. Nd5+ Kd8 43. Nxe7 Rxg4+ 44. Kh5 Kxe7 45. Rg6 Rxg6 46. Kxg6 Kd6 47. h5 Ke5 48. h6 Bf5+ 49. Kf7 Ke4 50. Ke7 Kd3 51.
Kd6 c4 52. Kc7 Kc2 53. b3 cxb3 54. axb3 Kxb3 55. Kxb7 a5 56. Kb6 a4 57. Kb5 a3 58. c4 a2 59. c5 a1=Q 60. c6 Qa4+ 61. Kb6 Qb4+ 62. Ka7 Qf8 63. c7 Qc8 64. Kb6 Kc4 65. h7 Bxh7 66. Ka7 Be4 67. Kb6 Qb7+ 68. Ka5 Qb5# 0-1

[Event "Late-Titled-Tuesday-Blitz-September-12-2023"]
[Site "Chess.com"]
[Date "2023.09.12"]
[Round "4"]
[White "h4parah5"]
[Black "Msb2"]
[Result "1-0"]
[WhiteElo "2955"]
[BlackElo "3102"]
[TimeControl "180+1"]
[EndTime "14:38:29 PDT"]
[Termination "h4parah5 won by checkmate"]

1. d4 d5 2. Nf3 e6 3. Bf4 c5 4. e3 Nc6 5. c3 Bd6 6. Bg3 Nge7 7.
Bd3 O-O 8. Nbd2 cxd4 9. exd4 f6 10. Bxd6 Qxd6 11. b4 Kh8 12. O-O e5 13. dxe5 fxe5 14.
Bc2 Qf6 15. b5 Nd8 16. Qe2 e4 17. Nd4 Ne6 18. Nxe6 Bxe6 19. c4 Nf5 20. cxd5 Nd4 21. Qd1 Nxc2 22. Qxc2 Bxd5 23. Nxe4 Qg6 24. Rae1 Rae8 25.
f3 Bxe4 26. Rxe4 Qb6+ 27. Kh1 Qxb5 28. Rb1 Qd7 29. Rd1 Qf7 30. h3 Rxe4 31. Qxe4 Re8 32.
Qa4 a6 33. Rd7 Re1+ 34. Kh2 Qe8 35. Qd4 Qf8 36. Rxb7 Re6 37. a4 h6 38. Qb4 Qf6 39.
Rb8+ Kh7 40. Qb1+ Qg6 41. Qxg6+ Kxg6 42. Ra8 Kf5 43. h4 g5 44. Kh3 Rb6 45. Ra7 Rc6 46. a5 Kg6 47. g4 Kf6 48. Kg3 Kg6 49. h5+ Kf6 50. Kf2 Ke5 51. Ke3 Rc3+ 52. Ke2 Rc6 53.
Kd3 Rd6+ 54. Ke3 Rc6 55. Re7+ Kf6 56. Rd7 Ke5 57. Re7+ Kf6 58. Rb7 Ke5 59. Rb6 Rxb6 60. axb6 Kd6 61. f4 gxf4+ 62. Kxf4 a5 63. g5 a4 64. gxh6 a3 65. b7 Kc6 66. b8=Q a2 67.
Qa8+ Kc5 68. Qxa2 Kb4 69. Qe6 Kc3 70. h7 Kd2 71. h8=Q Kc1 72. Qc4+ Kb1 73. Qb8+ Ka1 74. Qa4# 1-0

[Event "Late-Titled-Tuesday-Blitz-September-12-2023"]
[Site "Chess.com"]
[Date "2023.09.12"]
[Round "4"]
[White "oskariot"]
[Black "BillieKimbah"]
[Result "1/2-1/2"]
[WhiteElo "2696"]
[BlackElo "3024"]
[TimeControl "180+1"]
[EndTime "14:38:29 PDT"]
[Termination "Game drawn - insufficient material"]

1. e4 e5 2. Nf3 Nc6 3. Nc3 Nf6 4. h3 Bb4 5. Nd5 Be7 6. d3 d6 7. Be2 Nxd5 8. exd5 Nb8 9. O-O O-O 10. c4 Nd7 11.
d4 e4 12. Nh2 f5 13. f4 Nf6 14. Be3 Kh8 15. g4 c6 16. g5 Ne8 17. dxc6 bxc6 18.
Kh1 Nc7 19. Rg1 d5 20. c5 Ne6 21. b4 a5 22. b5 cxb5 23. Bxb5 Qc7 24. Qd2 Bd7 25.
Rab1 Rfb8 26. a4 Be8 27. Bxe8 Rxe8 28. Rb5 Bd8 29. Rgb1 Qf7 30. Qe2 Bc7 31. Rb7 Qg6 32. Rf1 h6 33. h4 hxg5 34. hxg5 Rab8 35. Rb5 Kg8 36. Qa2 Rbd8 37. c6 Qf7 38. g6 Qxg6 39. Rxd5 Rxd5 40. Qxd5 Rd8 41. Qc4 Qf7 42. d5 Nf8 43.
Rd1 Ng6 44. Qc5 Bxf4 45. Bxf4 Nxf4 46. c7 Rc8 47. d6 Qd7 48. Qe5 Ng6 49. Qd5+ Kf8 50.
Rg1 Nf4 51. Qe5 Nd3 52. Qd4 Nf4 53. Rf1 Nh5 54. Qxe4 Nf6 55. Qxf5 Qc6+ 56. Qf3 Qxd6 57. Ng4 Rxc7 58. Nxf6 gxf6 59. Qxf6+ Qxf6 60. Rxf6+ Ke7 61. Ra6 Rc5 62. Kg2 Kd7 63. Kf3 Kc7 64. Ke4 Kb7 65.
Kd4 Rh5 66. Rf6 Rh4+ 67. Kc3 Rxa4 68. Kb3 Rb4+ 69. Ka3 Rb6 70. Rxb6+ Kxb6 71. Ka4 Kc7 72. Ka3 a4 73. Kxa4 1/2-1/2

[Event "Late-Titled-Tuesday-Blitz-September-12-2023"]
[Site "Chess.com"]
[Date "2023.09.12"]
[Round "4"]
[White "KNVB"]
[Black "WPWPWP-2015"]
[Result "0-1"]
[WhiteElo "2765"]
[BlackElo "2550"]
[TimeControl "180+1"]
[EndTime "14:38:29 PDT"]
[Termination "WPWPWP-2015 won by resignation"]

1. d4 d5 2. Bf4 Nf6 3. e3 c6 4. c4 Bf5 5. Nc3 e6 6. Qb3 Qc8 7. Rc1 dxc4 8. Bxc4 Be7 9. Nf3 O-O 10. h3 Nbd7 11.
O-O Nb6 12. Be2 h6 13. Rfe1 Nbd5 14. Be5 Nxc3 15. bxc3 a5 16. a4 Nd7 17. Bg3 Nf6 18.
Bh4 Re8 19. Ne5 Nd5 20. Bg3 Nf6 21. Nc4 Ra7 22. Nd6 Bxd6 23. Bxd6 Ne4 24. Bh2 Qd7 25. f3 Nd6 26. e4 Bg6 27. Qb6 Nc8 28. Qb3 Kh7 29. Bf1 f6 30. Red1 Qe7 31. Bg3 Rd8 32. c4 Qb4 33. Rb1 Qxb3 34. Rxb3 b6 35. Bf2 Be8 36. Ra1 Rc7 37. g4 Kg8 38. Be3 Kf8 39.
h4 Ke7 40. h5 Rcd7 41. Rd3 e5 42. d5 c5 43. Rb3 Rc7 44. Kf2 Rd6 45. Bd3 Bd7 46.
Kg3 Kd8 47. f4 Ke7 48. Bc2 Be8 49. Rb2 Rd8 50. fxe5 fxe5 51. g5 Bxh5 52. Kh4 Bg6 53. gxh6 gxh6 54. Rg1 Kf7 55. Bd3 Rg8 56. Rf2+ Ke8 57.
Rfg2 Rcg7 58. Bxh6 Bxe4 59. Rxg7 Rxg7 60. Rxg7 Bxd3 61.
Rg8+ Kd7 62. Rg7+ Ke8 63. Rc7 Nd6 64. Rc6 Kd7 65. Bf8 Nxc4 66. Rf6 e4 67. Rf7+ Ke8 68. Rf6 e3 69. d6 e2 70. Re6+ Kd7 71. Re7+ Kd8 72.
Re6 Bf5 73. Re3 Nxe3 74. Be7+ Kd7 0-1

[Event "Late-Titled-Tuesday-Blitz-September-12-2023"]
[Site "Chess.com"]
[Date "2023.09.12"]
[Round "4"]
[White "zeitnot2006"]
[Black "IMSlavin"]
[Result "1-0"]
[WhiteElo "2754"]
[BlackElo "2235"]
[TimeControl "180+1"]
[EndTime "14:38:33 PDT"]
[Termination "zeitnot2006 won on time"]

1. e4 Nc6 2. Nf3 d6 3. d4 Nf6 4. Nc3 Bg4 5. Be3 a6 6. Be2 e5 7. d5 Ne7 8. Nd2 Bd7 9. a4 Ng6 10. h4 h6 11. g3 Be7 12. a5 Qc8 13. h5 Nf8 14. f4 Ng4 15. Bg1 Nh7 16. Nc4 O-O 17.
f5 Ngf6 18. Be3 Qd8 19. Qd2 Ne8 20. Qd3 Bg5 21. Bf2 Nhf6 22. Kf1 c5 23. Nb6 Rb8 24. Nxd7 Nxd7 25. Kg2 Nef6 26. b3 Kh8 27. Nd1 Qc7 28.
Nb2 b6 29. axb6 Rxb6 30. Nc4 Rb4 31. Rxa6 Nb6 32. Rxb6 Rxb6 33. Nxb6 Qxb6 34. Ra1 Qb4 35. Bf3 Rc8 36. Be1 Qb6 37. Qc4 Rb8 38. Ra6 Qc7 39.
Ba5 Qd7 40. Bc3 Be3 41. Qa4 Qd8 42. Qc6 Bd4 43. Ba5 Qg8 44. Qxd6 Ra8 45. Rxa8 Qxa8 46. Qd8+ Qxd8 47. Bxd8 Nd7 48. Ba5 Kg8 49. Bd2 Kf8 50.
c3 Nb6 51. cxd4 cxd4 52. Be2 Ke7 53. Bd3 Kd6 54. Kf3 Nd7 55. Ke2 Kc7 56. Ba5+ Kb7 57. b4 Ka7 58. b5 Kb7 59. d6 Nc5 60. Bc4 Nxe4 61. Bd5+ Kc8 62. Bxe4 Kd7 63. b6 Kxd6 64. b7 d3+ 65. Kd1 1-0

[Event "Late-Titled-Tuesday-Blitz-September-12-2023"]
[Site "Chess.com"]
[Date "2023.09.12"]
[Round "4"]
[White "Zkid"]
[Black "HansOnTwitch"]
[Result "1/2-1/2"]
[WhiteElo "2918"]
[BlackElo "3081"]
[TimeControl "180+1"]
[EndTime "14:38:39 PDT"]
[Termination "Game drawn by repetition"]

1. e4 c5 2. Nf3 Nc6 3. Bb5 g6 4.
O-O Bg7 5. c3 e5 6. Bxc6 dxc6 7.
d3 b6 8. Qe2 Ba6 9. Rd1 Qd6 10.
c4 Nf6 11. Nc3 Bc8 12. h3 O-O 13. a3 a5 14. Bg5 h6 15. Be3 Nh5 16. Qd2 Nf4 17. Ne2 Nxe2+ 18. Qxe2 f5 19. exf5 gxf5 20. Bd2 Ra7 21. Bc3 Re7 22. Re1 Rfe8 23. Nh4 Qf6 24. Qh5 Qf7 25. Qxf7+ Kxf7 26. Re3 Bf6 27. Nf3 f4 28.
Re2 e4 29. Bxf6 Kxf6 30. dxe4 Rxe4 31. Rxe4 Rxe4 32. Rc1 Be6 33. b3 Re2 34. a4 Rb2 35.
Rc3 Bf5 36. Ne1 Be4 37. f3 Bf5 38. Nd3 Bxd3 39. Rxd3 Ke5 40. h4 h5 41. Kh2 Re2 42. Kh3 Re3 43. Rd8 Rxb3 44. Rh8 Kd4 45. Rxh5 Kxc4 46.
Rf5 b5 47. Rxf4+ Kc3 48. h5 Rb1 49. Rh4 Rd1 50. h6 Rd8 51. h7 Rh8 52. g4 b4 53.
g5 b3 54. g6 b2 55. g7 Rxh7 56. g8=Q Rxh4+ 57. Kxh4 b1=Q 58. Qg7+ Kd2 59. Qg5+ Ke2 60.
Qxc5 Qb4+ 61. Qxb4 axb4 62. a5 b3 63. a6 b2 64. a7 b1=Q 65. a8=Q Qh7+ 66. Kg5 Qg7+ 67.
Kf5 Qf7+ 68. Ke5 Qd5+ 69. Kf6 Qxf3+ 70. Ke7 Qd5 71. Qa1 c5 72. Qb2+ Kf3 73. Qc3+ Kf4 74. Qc1+ Kf5 75. Qf1+ Ke4 76. Qg2+ Kd4 77. Qd2+ Ke5 78.
Qg5+ Kd4 79. Qd2+ Kc4 80. Qa2+ Kd4 81. Qd2+ 1/2-1/2

[Event "Late-Titled-Tuesday-Blitz-September-12-2023"]
[Site "Chess.com"]
[Date "2023.09.12"]
[Round "4"]
[White "Oleksandr_Bortnyk"]
[Black "Arystanner"]
[Result "1/2-1/2"]
[WhiteElo "3011"]
[BlackElo "2827"]
[TimeControl "180+1"]
[EndTime "14:38:49 PDT"]
[Termination "Game drawn - insufficient material"]

1. e4 c5 2. c3 d5 3. exd5 Nf6 4. Qa4+ Nbd7 5. Qb3 Rb8 6. Nf3 b5 7. Bxb5 a6 8.
Bxd7+ Bxd7 9. Qc2 Nxd5 10. O-O g6 11. d3 Bg7 12. Nbd2 O-O 13. Re1 Bf5 14. Ne4 Qc7 15. h3 Rfd8 16. Nh4 Bc8 17. Re2 a5 18. Be3 Nxe3 19. Rxe3 e5 20. Nf3 f5 21. Ned2 Ba6 22. Nc4 Bxc4 23. dxc4 e4 24. Nh2 Qf7 25. b3 a4 26. Rd1 Rxd1+ 27. Qxd1 axb3 28. axb3 Qb7 29. b4 cxb4 30. cxb4 Qxb4 31. Qd5+ Kh8 32. g4 Rf8 33. Nf1 Qb2 34. Qd2 Qb8 35. Qd5 Qf4 36. Qd2 fxg4 37.
hxg4 Qxg4+ 38. Ng3 Qg5 39. Qe2 Bd4 40. Rb3 Rxf2 41. Qxf2 Bxf2+ 42. Kxf2 Qf4+ 43. Ke2 e3 44. Rxe3 Qxc4+ 45. Kf2 h5 46. Ne4 Kg7 47. Ng3 Kh6 48.
Ne4 Qa2+ 49. Re2 Qa7+ 50. Kg2 Qa8 51. Re3 h4 52. Kh3 g5 53. Nf2 Qc8+ 54. Kg2 Kh5 55. Re4 Qc6 56. Kg1 Qf6 57. Kg2 Qf7 58. Rd4 Qb7+ 59.
Re4 Qb3 60. Re8 g4 61. Re5+ Kg6 62. Re4 Qg3+ 63. Kf1 Qf3 64. Rxg4+ Kh5 65. Rg8 Qf6 66. Rg4 h3 67. Rg3 Qa1+ 68. Ke2 Qa2+ 69. Kf1 Qb1+ 70. Ke2 Qc2+ 71. Kf1 Qc1+ 72. Ke2 Qb2+ 73. Kf1 Qb5+ 74.
Kg1 Qb1+ 75. Kh2 Qb8 76. Kxh3 Qc8+ 77. Kg2 Qb7+ 78. Kh2 Qb8 79. Kg2 Qxg3+ 80. Kxg3 1/2-1/2

[Event "Late-Titled-Tuesday-Blitz-September-12-2023"]
[Site "Chess.com"]
[Date "2023.09.12"]
[Round "4"]
[White "a-z30"]
[Black "K_A_S_T_O_R"]
[Result "1/2-1/2"]
[WhiteElo "2416"]
[BlackElo "2927"]
[TimeControl "180+1"]
[EndTime "14:38:50 PDT"]
[Termination "Game drawn - timeout vs insufficient material"]

1. d3 d5 2. Nf3 c5 3. g3 Nc6 4. Bg2 g6 5. O-O Bg7 6. c4 e6 7. Nc3 Nge7 8. Bg5 h6 9. Bd2 O-O 10. Qc1 Kh7 11. Rd1 d4 12. Na4 b6 13. a3 a5 14. b4 axb4 15. axb4 cxb4 16. Qb2 Bd7 17.
Bxb4 Nxb4 18. Qxb4 Ra6 19. Rdb1 Nc8 20. Nb2 Rxa1 21. Rxa1 Re8 22. Ra6 Bf8 23. Qb3 e5 24. Nd2 Qc7 25. Na4 Bxa4 26. Qxa4 Rd8 27. Ne4 Be7 28. Qb5 Kg7 29. h4 f5 30. Nd2 Bc5 31.
Nb3 Nd6 32. Qa4 Nc8 33. Qb5 Nd6 34. Nxc5 bxc5 35. Qc6 Qxc6 36. Rxc6 Kf6 37. Rxc5 Rc8 38. Rxc8 Nxc8 39. f4 g5 40. hxg5+ hxg5 41. fxg5+ Kxg5 42. Kf2 Kf6 43. Kf3 Nb6 44. g4 fxg4+ 45. Kxg4 Na4 46.
Bf3 Nc5 47. Kh5 Kf5 48. Kh6 Kf4 49. Kg6 Nxd3 50. Kf6 Nc5 51. Ke7 e4 52. Bh5 Ke5 53. Bg4 d3 54. exd3 exd3 55. Kd8 Kd6 56. Kc8 Ne4 57.
Kb7 Kc5 58. Kc7 Kxc4 59. Kc6 Kd4 60. Kb5 Nf2 61. Bh5 Ke3 62. Kb4 Ne4 63. Kb3 Nd2+ 64. Kb2 Nf3 65. Kc1 Nd4 66. Kd1 Nb5 67. Bg4 Nc3+ 68. Kc1 Kf4 69. Bh5 Ke3 70. Bg4 Ne4 71. Bh5 Nf2 72. Kb2 Kd2 73. Kb3 Kc1 74. Bg6 d2 75. Bh5 Ne4 76. Kb4 Kc2 77. Bg4 1/2-1/2

[Event "Late-Titled-Tuesday-Blitz-September-12-2023"]
[Site "Chess.com"]
[Date "2023.09.12"]
[Round "4"]
[White "HrvojeZagreb"]
[Black "Zeck_CH"]
[Result "1-0"]
[WhiteElo "2282"]
[BlackElo "2444"]
[TimeControl "180+1"]
[EndTime "14:38:54 PDT"]
[Termination "HrvojeZagreb won on time"]

1. f4 Nc6 2. e4 d5 3. e5 a6 4. Nf3 Bf5 5. d4 e6 6. Bd3 Bg4 7. O-O Nh6 8. c3 Nf5 9. Na3 g6 10. Nc2 h5 11. Ne3 Be7 12. Bxf5 gxf5 13. Qb3 Rb8 14. Qa4 Rg8 15. Rf2 h4 16. b4 h3 17. g3 Qd7 18. Ba3 Kd8 19. b5 axb5 20. Bxe7+ Nxe7 21. Qb3 Ra8 22. Ng5 Ke8 23. Nh7 Rg6 24.
Nf6+ Rxf6 25. exf6 Ng8 26. Nxg4 fxg4 27. f5 Ra6 28. Re1 Kd8 29. fxe6 Rxe6 30. Ref1 c6 31. Qa3 Kc7 32. Qa8 Re8 33. Qa5+ Kb8 34. a4 bxa4 35. Qxa4 Qe6 36. Qb4 Qe4 37. Rb1 b5 38. Rbf1 Nxf6 39. Qd6+ Kb7 40. Qxf6 Re6 41. Qxf7+ Re7 42. Qf8 b4 43.
cxb4 Rc7 44. Qf4 Qg6 45. Qf5 Qg7 46. b5 cxb5 47. Qxd5+ Kb6 48. Qd6+ Rc6 49. Qe5 Qd7 50. d5 Rc5 51. Qd4 Qxd5 52. Rf6+ Kc7 53. Rf7+ Kd8 54. Rf8+ Ke7 55. Qxd5 Rxd5 56. R1f7+ Ke6 57. Rf6+ Ke7 58. R8f7+ Ke8 59. Rf8+ Ke7 60. Rf4 Rd1+ 61. Rf1 Rd2 62.
R8f4 Rg2+ 63. Kh1 Rb2 64. Rxg4 b4 65. Rh4 Ke6 66. Rxh3 b3 67. Rh4 Rc2 68. Rb4 b2 69. Kg1 Kd5 70. h4 Kc5 71. Rb8 Kd4 72. h5 Rc6 73.
Rxb2 Rh6 74. g4 Kc3 75. Rbf2 Rd6 76. Kg2 Kd3 77. Kg3 Ke3 78. Kh4 Rd4 79. Rf4 Ra4 80. Rxa4 1-0